 Dungeon Crawl Stone Soup version 0.17.0-9-g801d43b (console) character file.

44 Kloppie the Cutter (level 3, 0/24 HPs)
             Began as a Kobold Fighter on Nov 10, 2015.
             Killed from afar by Sigmund (5 damage)
             ... with a wand of magic darts
             ... on level 2 of the Dungeon.
             The game lasted 00:02:19 (1599 turns).

Kloppie the Cutter (Kobold Fighter)                 Turns: 1599, Time: 00:02:19

Health: 0/24       AC:  6    Str: 15    XL:     3   Next: 87%
Magic:  3/3        EV:  8    Int:  6    God:
Gold:   106        SH:  9    Dex: 15    Spells: 0 memorised, 2 levels left

rFire  . . .     SeeInvis .     a - +0 rapier
rCold  . . .     Clarity  .     b - +0 scale mail
rNeg   . . .     SustAt   .     c - +0 shield
rPois  .         Gourm    .     (no helmet)
rElec  .         Spirit   .     (no cloak)
rCorr  .         Warding  .     (no gloves)
rMut   .         Stasis   .     (no boots)
MR     .....                    (no amulet)
Stlth  ..........               (no ring)
                                (no ring)

@: not resistant to hostile enchantments, extremely unstealthy
A: carnivore 3
a: no special abilities


You were on level 2 of the Dungeon.
You were completely stuffed.

You visited 1 branch of the dungeon, and saw 2 of its levels.

You collected 106 gold pieces.

Inventory:

Hand Weapons
 a - a +0 rapier (weapon)
Armour
 b - a +0 scale mail (worn)
 c - a +0 shield (worn)
Jewellery
 l - an uncursed amulet of resist corrosion {unknown}
Scrolls
 f - 3 scrolls of identify {unknown}
 g - a scroll of teleportation {unknown}
 h - 2 scrolls of remove curse {unknown}
 i - a scroll of magic mapping {unknown}
Potions
 d - 2 potions of might
 j - 2 potions of cure mutation {unknown}
 k - a potion of curing {unknown}
 n - a potion of cancellation {unknown}
Comestibles
 e - a meat ration
 m - 3 chunks of flesh
 o - a beef jerky


   Skills:
 + Level 3.8 Fighting
 + Level 3.8 Short Blades
 + Level 2.8 Armour
 - Level 2.4 Shields


You had 2 spell levels left.
You didn't know any spells.

Dungeon Overview and Level Annotations

Branches:
Dungeon (2/15)

Altars:
Dithmenos
Okawaru

Annotations:
D:2 Sigmund


Innate Abilities, Weirdness & Mutations

You are small and have problems with some larger weapons.
You are carnivorous and can eat meat at any time.


Message History

The goblin is severely wounded.
The goblin closely misses you.
You hit the goblin.
You kill the goblin!
No target in view!
You see here a club.
There is a stone staircase leading down here.
Eating one of 4 chunks of flesh.
This raw flesh tastes great.
You continue eating. x2
Sigmund the Dreaded comes into view.
He is wielding a scythe.
Sigmund shouts!
Sigmund zaps a wand.
The magic dart hits you!
It is a wand of magic darts.
Sigmund zaps a wand.
The magic dart hits you!
Sigmund zaps a wand.
The magic dart hits you!
Sigmund zaps a wand.
The magic dart hits you!
* * * LOW HITPOINT WARNING * * *
Sigmund zaps a wand.
The magic dart hits you!
* * * LOW HITPOINT WARNING * * *
Sigmund zaps a wand.
The magic dart hits you!
You die...

...............# ..#...########.#
...........# #.#######
..#...####.# #.......# .# ####.##
#.# #..####.# .# ####.#####.#
#..####.# .#
.........#.###....##.# .#
#.##.###...........#.# .# #)##.#
###.###.>@..#.## .# #.##.#
##............####.# .
.....####.........#....@...# #.
##...........###..#...##########.
##.######...## #..####...........
......<.....# #..# #.###.......
.....รท..#>..####..# #.# #.......
.#.##.............####)# #.......
............##.........###.......


You could see Sigmund.

Vanquished Creatures
  2 adders (D:2)
  A worm (D:2)
  A giant gecko (D:1)
  2 giant cockroaches
  2 goblins (D:2)
  3 hobgoblins
  4 bats
  2 giant newts
  3 kobolds
  A quokka (D:2)
  6 rats (D:1)
27 creatures vanquished.

Notes
Turn   | Place    | Note
--------------------------------------------------------------
     0 | D:1      | Kloppie the Kobold Fighter began the quest for the Orb.
     0 | D:1      | Reached XP level 1. HP: 14/14 MP: 1/1
   202 | D:1      | Reached XP level 2. HP: 19/19 MP: 2/2
   651 | D:2      | Reached XP level 3. HP: 9/23 MP: 3/3
  1113 | D:2      | Found an iron altar of Okawaru.
  1400 | D:2      | Found a shadowy altar of Dithmenos.
  1590 | D:2      | Noticed Sigmund
  1599 | D:2      | Killed from afar by Sigmund

Action                   || total
-------------------------++-------
Melee: Rapier            ||    89
  Eat: Chunk             ||    11
